 Dungeon Crawl Stone Soup version 0.25-a0-366-g516bc45ae0 (webtiles) character file.

Game seed: 15906113485443235413, levelgen mode: classic

87446 EnegeticOcto the Spry (level 15, 0/70 HPs)
             Began as a Felid Conjurer on Jan 4, 2020.
             Was the Champion of Dithmenos.
             Slain by Aizul (20 damage)
             ... on level 2 of the Swamp on Jan 6, 2020.
             The game lasted 01:53:17 (45914 turns).

EnegeticOcto the Spry (Felid Conjurer)             Turns: 45914, Time: 01:53:18

Health: 0/70       AC:  9    Str:  8      XL:     15   Next: 43%
Magic:  3/29       EV: 32    Int: 18 (22) God:    Dithmenos [******]
Gold:   1192       SH:  8    Dex: 18      Spells: 2/32 levels left
                                        Lives:  0   Deaths: 4

rFire    . . .     SeeInvis +   (weapon unavailable)
rCold    + . .     Gourm    .   (shield unavailable)
rNeg     . . .     Faith    .   (armour unavailable)
rPois    .         Spirit   .   (helmet unavailable)
rElec    +         Reflect  +   (cloak unavailable)
rCorr    .         Harm     .   (gloves unavailable)
MR       +++..                  (boots unavailable)
Stlth    +++++.....             M - brooch of Shielding {Reflect SH+8}
HPRegen  0.21/turn              q - ring "Cycka" {MR+ Str+4}
MPRegen  0.21/turn              b - ring of Ropsilun {rElec AC+6}

@: silence, wreathed by umbra, very slow
A: very small, no armour, no weapons or thrown items, stealth, claws 1, fangs 3,
see invisible, carnivore, speed 1, shaggy fur 3, slow metabolism 1, sharp paws
a: Renounce Religion


You were on level 2 of the Swamp.
You worshipped Dithmenos.
Dithmenos was exalted by your worship.
You were completely stuffed.

You visited 5 branches of the dungeon, and saw 26 of its levels.
You also visited: Ice Cave.

You collected 2685 gold pieces.
You spent 1493 gold pieces at shops.

Inventory:

Jewellery
 a - an uncursed ring of fire
 b - the ring of Ropsilun (right paw) {rElec AC+6}
   (You acquired it on level 9 of the Dungeon)

   [ring of protection]

   It affects your AC (+6).
   It insulates you from electricity.
 h - a +5 ring of intelligence
 m - an uncursed amulet of magic regeneration
 n - an uncursed ring of ice
 q - the ring "Cycka" (left paw) {MR+ Str+4}
   (You acquired it on level 9 of the Dungeon)

   [ring of protection from magic]

   It affects your strength (+4).
   It affects your resistance to hostile enchantments.
 F - an uncursed ring of positive energy
 H - an uncursed ring of protection from cold
 M - the brooch of Shielding (around neck) {Reflect SH+8}
   (You found it on level 11 of the Dungeon)

   [amulet of reflection]

   It shields you and reflects attacks.
   It affects your SH (+8).
Wands
 f - a wand of clouds (6)
 g - a wand of digging (11)
 o - a wand of paralysis (7)
 u - a wand of enslavement (9)
 C - a wand of disintegration (6)
 I - a wand of polymorph (15)
 K - a wand of flame (42)
Scrolls
 d - 2 scrolls of magic mapping {@r5 !r}
 l - 5 scrolls of fear {!r}
 v - a scroll of torment
 w - 7 scrolls of identify {@r1}
 x - 6 scrolls of immolation
 y - 2 scrolls of silence
 D - 8 scrolls of remove curse {@r2}
 J - 4 scrolls of teleportation {@r3 !r}
 P - a scroll of holy word
Potions
 c - 5 potions of mutation
 i - 2 potions of magic
 j - 3 potions of heal wounds {@q2 !q}
 k - 9 potions of haste {@q4 !q}
 p - 6 potions of brilliance
 r - 3 potions of agility {@q5 !q}
 s - 2 potions of cancellation
 t - 3 potions of berserk rage
 z - 3 potions of might {@q3 !q}
 A - 7 potions of curing {@q1 !q}
 L - a potion of lignification {@q6}
Miscellaneous
 B - a sack of spiders
 E - a lamp of fire (inert)
 N - a phantom mirror
 O - a crystal ball of energy
Comestibles
 e - 52 rations


   Skills:
 + Level 10.6 Fighting
 + Level 15.6 Dodging
 - Level 14.0 Stealth
 - Level 9.0 Spellcasting
 * Level 11.0 Conjurations
 - Level 14.0 Hexes
 - Level 13.0 Translocations
 - Level 14.0 Invocations
 - Level 4.2 Evocations


You had 2 spell levels left.
You knew the following spells:

 Your Spells              Type           Power        Failure   Level  Hunger
a - Magic Dart            Conj           ####         1%          1    None
b - Searing Ray           Conj           #####.       1%          2    None
c - Fulminant Prism       Conj/Hex       ######....   1%          4    ###....
d - Dazzling Flash        Conj/Hex       ######       1%          3    None
e - Iskenderun's Mystic   Conj/Tloc      ######..     1%          4    ###....
f - Gell's Gravitas       Tloc           ######....   1%          3    None
g - Passage of Golubria   Tloc           N/A          1%          4    ###....
h - Orb of Destruction    Conj           #####.....   61%         7    #######
Y - Blink                 Tloc           N/A          1%          2    None

Your spell library contained the following spells:

 Spells                   Type           Power        Failure   Level  Hunger
 Shroud of Golubria       Chrm/Tloc      ####..       1%          2    None
 Freeze                   Ice            #...         9%          1    None
 Sting                    Tmut/Pois      #...         9%          1    None
 Lesser Beckoning         Tloc           ######....   1%          3    None
 Recall                   Summ/Tloc      N/A          1%          3    None
 Teleport Other           Tloc           ######..     1%          3    None
 Mephitic Cloud           Conj/Pois/Air  ###.....     6%          3    None
 Hailstorm                Conj/Ice       ####....     9%          4    ###....
 Ozocubu's Armour         Chrm/Ice       #.......     26%         3    None
 Bolt of Magma            Conj/Fire/Erth ###.......   47%         5    #####..
 Animate Dead             Necr           N/A          65%         4    ###....
 Summon Ice Beast         Ice/Summ       #.......     65%         4    ###....
 Borgnjor's Vile Clutch   Necr/Erth      #.........   94%         5    #####..
 Death Channel            Necr           #.........   100%        6    ######.
 Simulacrum               Ice/Necr       #.........   100%        6    ######.


Dungeon Overview and Level Annotations

Branches:
Dungeon (15/15)            Temple (0/1) D:6            Lair (6/6) D:9
  Swamp (2/4) Lair:4       Spider (1/4) Lair:3        Slime (0/5) Lair:5
    Orc (2/2) D:10            Elf (0/3) Orc:2        Vaults (0/5) D:13
 Depths (0/5) D:15          IceCv (visited)

Altars:
Ashenzari
Cheibriados
Dithmenos
Elyvilon
Fedhas
Makhleb
Nemelex Xobeh
Okawaru
Ru
Trog
Wu Jian
Xom
Yredelemnul
Zin
Beogh

Shops:
D:14 %%   Orc:1 %   Orc:2 (:[[!

Portals:
Trove: D:14 (give 3 potions of resistance)

Annotations:
Lair:2 3 runed translucent doors, Bojesaq's ghost, journeyman KoGl
Lair:6 2 runed translucent doors, LostGamesStreakFreak's ghost, journeyman MiMo
Swamp:2 Aizul


Innate Abilities, Weirdness & Mutations

You cannot wear armour.
You are incapable of wielding weapons or throwing items.
Your paws allow you to move quietly. (Stealth)
You have sharp claws.
You have razor-sharp teeth.
You have supernaturally acute eyesight. (SInv)
You are carnivorous and can eat meat at any time.
You cover ground quickly.
Your thick and shaggy fur keeps you warm. (AC +3, rC+)
You have a slow metabolism.
Your sharp claws are effective at attacking unaware monsters.


Message History

You emit a cloud of dark smoke.
Evoke which item? (* to show all) (? for menu, Esc to quit)
Okay, then.
Casting: Fulminant Prism (safe; 1% risk of failure)
Confirm with . or Enter, or press ? or * to list all spells.
You blink.
You feel sick.
Casting: Blink (safe; 1% risk of failure)
Confirm with . or Enter, or press ? or * to list all spells.
Aiming: Fulminant Prism (safe; 1% risk of failure)
Press: ? - help, Dir - move target cursor, f - Aizul
Aim: Aizul (black smoke, moderately wounded, umbra)
Okay, then.
Casting: Fulminant Prism (safe; 1% risk of failure)
Confirm with . or Enter, or press ? or * to list all spells.
Aiming: Searing Ray (safe; 1% risk of failure)
Press: ? - help, Shift-Dir - straight line, f - Aizul
Aim: Aizul (black smoke, moderately wounded, umbra)
The searing ray hits Aizul.
Aizul is heavily wounded. (Press . to maintain the ray.)
You feel sick. Aizul casts a spell at you. The bolt of poison misses you.
The searing ray misses Aizul.
You feel sick.
Aizul coils herself and waves her upper body at you.
The bolt of poison hits you!!
You are more poisoned.
You emit a cloud of dark smoke.
Really quaff
A - 9 potions of curing {@q1 !q}?
You feel better.
Evoke which item? (* to show all) (? for menu, Esc to quit)
Okay, then.
Casting: Searing Ray (safe; 1% risk of failure)
Confirm with . or Enter, or press ? or * to list all spells.
You erupt in a blast of force!
The mystic blast misses Aizul.
Aizul hits you.
Okay, then.
Casting: Iskenderun's Mystic Blast (safe; 1% risk of failure)
Confirm with . or Enter, or press ? or * to list all spells.
You blink.
Splash!
You fall into the shallow water.
Moving in this stuff is going to be slow.
Evoke which item? (* to show all) (? for menu, Esc to quit)
Aiming: Disintegrate
Press: ? - help, Shift-Dir - straight line, f/p - Aizul
Aim: Aizul (black smoke, moderately wounded, umbra, chance to defeat MR: 8%)
Okay, then.
Evoke which item? (* to show all) (? for menu, Esc to quit)
Aiming: Cloud Cone
Press: ? - help, Dir - move target cursor, f/p - Aizul
Aim: Aizul (black smoke, moderately wounded, umbra)
You create a blast of flame!
Aizul casts a spell at you.
You fall asleep.
Aizul is engulfed in blazing flames. x3
Aizul coils herself and waves her upper body at you.
The poison arrow hits you!!
You are poisoned.
You wake up.
* * * LOW HITPOINT WARNING * * *
You emit a cloud of dark smoke.
Aizul is engulfed in blazing flames.
Aizul coils herself and waves her upper body at you.
The bolt of poison misses you.
Really quaff
j - 4 potions of heal wounds {@q2 !q}?
You feel much better.
You feel sick.
Aizul is engulfed in blazing flames.
Aizul casts a spell at you. The bolt of poison misses you.
Really quaff
A - 8 potions of curing {@q1 !q}?
You feel better.
Aizul is engulfed in blazing flames.
Aizul barely misses you.
Aizul is engulfed in blazing flames.
You block Aizul's attack.
Evoke which item? (* to show all) (? for menu, Esc to quit)
Okay, then.
As you read the scroll of silence, it crumbles to dust.
A profound silence engulfs you.
Aizul is engulfed in blazing flames.
Aizul hits you!
* * * LOW HITPOINT WARNING * * *
The tyrant leech is engulfed in blazing flames.
Evoke which item? (* to show all) (? for menu, Esc to quit)
Aiming: Throw Flame
Press: ? - help, Shift-Dir - straight line, f/p - Aizul
Aim: Aizul (flame, silenced, severely wounded, umbra)
The puff of flame hits Aizul.
Aizul is severely wounded.
Aizul is engulfed in blazing flames.
Aizul misses you.
Aizul is engulfed in blazing flames.
Aizul closely misses you.
Evoke which item? (* to show all) (? for menu, Esc to quit)
Aiming: Throw Flame
Press: ? - help, Shift-Dir - straight line, f/p - Aizul
Aim: Aizul (flame, silenced, almost dead, umbra)
The puff of flame hits Aizul!
Aizul is almost dead.
Aizul is engulfed in blazing flames.
You block Aizul's attack.
The tyrant leech is engulfed in blazing flames.
Evoke which item? (* to show all) (? for menu, Esc to quit)
Aiming: Throw Flame
Press: ? - help, Shift-Dir - straight line, f/p - Aizul
Aim: Aizul (flame, silenced, almost dead, umbra)
The puff of flame misses Aizul.
Aizul is engulfed in blazing flames.
Aizul hits you!!
You die...

♣♣♣♣♣♣♣♣♣♣♣ ♣♣≈.......≈♣
♣§...§≈≈≈..♣ ♣♣♣♣♣^≈..≈≈≈≈≈.♣♣
♣♣.≈...≈≈≈≈≈≈≈≈≈.♣
♣≈...≈≈≈≈≈≈≈§≈≈≈.♣♣♣♣♣
♣≈≈...≈≈≈≈≈§§≈≈§.≈..≈♣
♣.≈.......≈§§§§§.....♣♣
♣♣≈≈≈.≈≈≈≈.§§@§§...÷..♣♣
♣♣≈...≈≈≈≈≈§wS§§♣♣≈≈...♣♣♣♣
♣...≈≈≈≈≈≈≈≈§§§.♣♣.≈≈.....♣♣
♣...≈.≈≈≈≈≈≈§§§§♣♣≈..≈.≈≈≈.♣
♣♣≈≈≈...≈≈≈≈≈§§§§≈..≈≈..§≈≈.♣
♣...§..<.≈≈≈≈§§§§.≈≈≈≈§♣♣≈≈.♣♣♣
♣♣♣♣....≈≈≈≈§§§§§≈≈≈≈.♣♣♣♣.≈♣♣≈
♣≈≈.≈≈≈≈≈≈§§§.♣♣♣≈§♣♣♣♣♣♣≈♣≈
♣≈≈≈..≈≈≈§§§§§♣♣♣≈...♣♣ ♣...


You could see Aizul and a tyrant leech.

Vanquished Creatures
  Gastronok (Lair:1)
  Snorg (Orc:1)
  Josephine (Orc:2)
  2 ogre magi (D:13)
  A fire dragon (D:12)
  The ghost of night the Martial Artist, a journeyman DsWn of Ru (Lair:3)
  Erolcha (Orc:2)
  20 hydras
  A shambling mangrove (Swamp:2)
  2 catoblepae
  13 two-headed ogres
  4 centaur warriors
  7 alligators
  A tengu warrior (D:15)
  A deep troll shaman (Lair:6)
  32 death yaks
  Nergalle (Lair:1)
  4 skeletal warriors
  3 unseen horrors
  A spriggan druid (Swamp:1)
  Pikel (D:7)
  2 swamp dragons
  A phantasmal warrior (D:15)
  A wolf spider zombie (D:15)
  2 necromancers
  A lindwurm (Lair:6)
  11 orc knights
  An orc sorcerer (Orc:1)
  4 oklob plants (Lair:6)
  17 ugly things
  A stone giant zombie (D:15)
  2 manticores
  A cyclops (D:14)
  Joseph (D:8)
  A stone giant skeleton (D:15)
  5 black mambas
  2 ice statues
  A torpor snail (Lair:6)
  15 elephants
  12 spiny frogs
  A gargoyle (D:12)
  3 rime drakes
  An efreet (D:14)
  A kobold demonologist (D:12)
  6 komodo dragons
  A tengu conjurer (D:15)
  10 trolls
  2 jumping spiders (Lair:3)
  3 meliai (D:15)
  16 polar bears
  18 blink frogs
  12 hornets
  A deep troll zombie (D:15)
  3 tyrant leeches (Swamp:1)
  7 slime creatures
  3 bog bodies
  8 hippogriffs
  3 dream sheep (Lair:5)
  A vampire (D:11)
  5 shadows
  7 redbacks
  5 spriggans
  A centaur simulacrum (D:14)
  7 wraiths
  4 wyverns
  61 yaks
  5 basilisks
  4 hungry ghosts
  A steam dragon (D:12)
  3 vampire mosquitoes
  Menkaure (D:7)
  6 insubstantial wisps (Swamp:1)
  9 swamp worms
  3 soldier ants
  A tengu zombie (D:15)
  15 water moccasins
  8 wargs (Orc:2)
  6 porcupines
  2 swamp drakes (Swamp:1)
  38 orc warriors
  11 ice beasts
  5 sky beasts
  5 phantoms
  2 slaves (D:7)
  A boggart (D:13)
  15 ogres
  29 wolves
  5 centaurs
  12 crocodiles
  5 big kobolds
  22 bullfrogs
  A gnoll sergeant (D:11)
  A wyvern skeleton (D:13)
  3 scorpions
  A troll zombie (D:10)
  13 killer bees
  5 wights (D:10)
  10 howler monkeys
  4 electric eels
  6 crimson imps
  3 quasits
  8 jellies
  29 orc wizards
  A bullfrog zombie (D:9)
  7 centaur zombies
  5 hounds
  15 orc priests
  Natasha (thrice) (D:3)
  3 bullfrog skeletons
  8 centaur skeletons
  An iron imp (D:9)
  7 iguanas
  11 worker ants
  6 hell rats
  A polar bear simulacrum (Lair:3)
  3 yak simulacra (Lair:3)
  4 wolf simulacra (Lair:3)
  A killer bee zombie (D:8)
  5 ogre zombies (D:10)
  2 hound skeletons
  A worker ant zombie (D:5)
  8 adders
  7 gnolls
  A howler monkey skeleton (D:8)
  7 shadow imps
  2 oozes
  5 worms
  3 dart slugs
  8 leopard geckos
  85 orcs
  A ball python (D:1)
  6 bats
  6 giant cockroaches
  7 goblins
  8 hobgoblins
  11 jackals
  19 kobolds
  5 quokkas
  11 frilled lizards
  4 goblin skeletons (D:10)
  2 goblin zombies (D:10)
  2 hobgoblin skeletons (D:10)
  3 hobgoblin zombies (D:10)
  A leopard gecko zombie (D:5)
  7 orc zombies (D:10)
  A quokka skeleton (D:7)
  A quokka zombie (D:5)
  4 rats
  3 river rat simulacra (Lair:3)
  A spectral orc (D:9)
  3 fulminant prisms
  4 fungi
  3 plants (Lair:6)
991 creatures vanquished.

Vanquished Creatures (collateral kills)
  Jorgrun (Orc:2)
  2 dream sheep (Lair:5)
  An orc wizard (Orc:2)
  An orc (Orc:2)
5 creatures vanquished.

Vanquished Creatures (others)
  A centaur (D:9)
  An orc (D:10)
  2 bushes
  270 fulminant prisms
  28 fungi
  37 plants
  4 withered plants (D:15)
343 creatures vanquished.

Grand Total: 1339 creatures vanquished

Notes
Turn   | Place    | Note
-------+----------+-------------------------------------------
     0 | D:1      | EnegeticOcto the Felid Conjurer began the quest for the
                  | Orb.
     0 | D:1      | Reached XP level 1. HP: 7/7 MP: 4/4
   417 | D:1      | Reached XP level 2. HP: 11/11 MP: 0/6
   890 | D:1      | Reached XP level 3. HP: 14/14 MP: 0/7
  1599 | D:2      | Learned a level 2 spell: Searing Ray
  1625 | D:2      | Found a shadowy altar of Dithmenos.
  1635 | D:2      | Became a worshipper of Dithmenos the Shadowed
  1939 | D:2      | Found a sparkling altar of Nemelex Xobeh.
  1962 | D:2      | Reached XP level 4. HP: 17/18 MP: 2/8
  2356 | D:2      | Found a faded altar of an unknown god.
  2941 | D:3      | Reached skill level 5 in Conjurations
  3152 | D:3      | Noticed Natasha
  3156 | D:3      | Killed Natasha
  3156 | D:3      | Reached skill level 1 in Fighting
  3374 | D:3      | Reached XP level 5. HP: 14/22 MP: 2/9
  3480 | D:3      | Found a burning altar of Makhleb.
  3716 | D:3      | Learned a level 4 spell: Fulminant Prism
  3735 | D:3      | Noticed Natasha
  3756 | D:3      | Killed Natasha
  3756 | D:3      | Reached skill level 1 in Hexes
  3782 | D:3      | Noticed Natasha
  3784 | D:3      | Killed Natasha
  4244 | D:4      | Noticed an ogre
  4246 | D:4      | Found a glowing silver altar of Zin.
  4264 | D:4      | Killed an ogre
  4264 | D:4      | Gained mutation: You are covered in thick fur. (AC +2)
                  | [Felid growth]
  4264 | D:4      | Reached XP level 6. HP: 26/26 MP: 5/11
  4384 | D:4      | Found a sparkling altar of Nemelex Xobeh.
  4451 | D:4      | Found a sacrificial altar of Ru.
  4734 | D:4      | Found an iron altar of Okawaru.
  4886 | D:5      | Entered Level 5 of the Dungeon
  4916 | D:5      | Learned a level 3 spell: Dazzling Flash
  5234 | D:5      | Reached * piety under Dithmenos
  5531 | D:5      | Found a shimmering altar of Xom.
  5768 | D:5      | Reached skill level 5 in Hexes
  5768 | D:5      | Reached XP level 7. HP: 30/30 MP: 1/13
  6380 | D:5      | Reached skill level 3 in Dodging
  6971 | D:6      | Found a staircase to the Ecumenical Temple.
  7074 | D:6      | Reached ** piety under Dithmenos
  7108 | D:6      | Reached skill level 5 in Stealth
  7178 | D:6      | Found an ornate altar of the Wu Jian Council.
  7249 | D:6      | Reached skill level 4 in Dodging
  7249 | D:6      | Reached XP level 8. HP: 33/33 MP: 8/15
  7339 | D:6      | Found a blossoming altar of Fedhas.
  8038 | D:7      | Noticed a hornet
  8165 | D:7      | Noticed Menkaure
  8167 | D:7      | Found a glowing silver altar of Zin.
  8170 | D:7      | Killed Menkaure
  8278 | D:7      | Reached skill level 5 in Spellcasting
  8381 | D:7      | Noticed Pikel
  8403 | D:7      | Killed Pikel
  8581 | D:7      | Killed a hornet
  8581 | D:7      | Reached XP level 9. HP: 11/36 MP: 1/17
  8879 | D:7      | Found a white marble altar of Elyvilon.
  9058 | D:7      | Found a bloodstained altar of Trog.
  9107 | D:7      | Learned a level 4 spell: Iskenderun's Mystic Blast
  9241 | D:8      | Reached skill level 1 in Translocations
  9675 | D:8      | Reached *** piety under Dithmenos
  9675 | D:8      | Reached skill level 5 in Translocations
  9695 | D:8      | Killed from afar by an orc wizard
  9696 | D:8      | Reached XP level 8. HP: 0/36 MP: 0/16
  9700 | D:8      | Noticed a two-headed ogre
  9729 | D:8      | Killed a two-headed ogre
  9729 | D:8      | Reached skill level 5 in Fighting
  9729 | D:8      | Reached XP level 9. HP: 33/41 MP: 5/17
 10325 | D:8      | Noticed Joseph
 10493 | D:8      | Shot with a sling bullet by Joseph
 10494 | D:8      | Reached XP level 8. HP: -5/38 MP: 3/16
 10735 | D:8      | Reached skill level 1 in Evocations
 11331 | D:8      | Killed Joseph
 11331 | D:8      | Reached skill level 5 in Dodging
 11578 | D:9      | Found a snail-covered altar of Cheibriados.
 11641 | D:9      | Reached XP level 9. HP: 41/41 MP: 9/17
 11646 | D:9      | Reached **** piety under Dithmenos
 11863 | D:9      | Found a staircase to the Lair.
 11863 | D:9      | Noticed a death yak
 11864 | D:9      | Noticed a death yak
 11864 | D:9      | Noticed a death yak
 12094 | D:9      | Noticed a troll
 12391 | D:8      | Killed a death yak
 12391 | D:8      | Reached skill level 6 in Dodging
 12780 | D:9      | Reached skill level 7 in Dodging
 12805 | D:8      | Reached XP level 10. HP: 47/47 MP: 8/18
 13044 | D:8      | Killed a death yak
 13297 | D:9      | Reached skill level 8 in Dodging
 13615 | D:9      | Noticed a manticore
 13718 | D:9      | Noticed a two-headed ogre
 13746 | D:9      | Killed a two-headed ogre
 14259 | D:9      | Found a basalt altar of Yredelemnul.
 14347 | D:8      | HP: 2/48 [death yak (29)]
 14393 | D:8      | Killed a death yak
 14393 | D:8      | Reached skill level 9 in Dodging
 14863 | D:9      | Noticed a centaur warrior
 14864 | D:9      | Noticed a skeletal warrior
 14864 | D:9      | Noticed a two-headed ogre
 14910 | D:9      | Killed a two-headed ogre
 14910 | D:9      | Reached XP level 11. HP: 20/51 MP: 5/19
 15181 | D:9      | Identified 2 scrolls of acquirement
 15184 | D:9      | Got a brightly glowing brass ring
 15184 | D:9      | Got a fine jade ring
 15186 | D:9      | Identified the ring of Ropsilun {rElec AC+6} (You acquired
                  | it on level 9 of the Dungeon)
 15188 | D:9      | Identified the ring "Cycka" {MR+ Str+4} (You acquired it on
                  | level 9 of the Dungeon)
 15275 | D:9      | Killed a centaur warrior
 15275 | D:9      | Reached skill level 10 in Translocations
 15516 | D:9      | Reached ***** piety under Dithmenos
 15519 | D:9      | Reached skill level 10 in Hexes
 15666 | D:9      | Reached skill level 10 in Dodging
 15818 | D:10     | Entered Level 10 of the Dungeon
 16038 | D:10     | Reached skill level 1 in Invocations
 16473 | D:10     | Found a staircase to the Orcish Mines.
 17761 | D:9      | Killed a skeletal warrior
 17894 | Lair:1   | Entered Level 1 of the Lair of Beasts
 17894 | Lair:1   | Noticed Gastronok
 17990 | Lair:1   | Noticed a four-headed hydra
 18026 | Lair:1   | Noticed Nergalle
 18358 | Lair:1   | Killed Gastronok
 18505 | Lair:1   | Killed a four-headed hydra
 18727 | Lair:1   | Gained mutation: Your thick and shaggy fur keeps you warm.
                  | (AC +3, rC+) [Felid growth]
 18727 | Lair:1   | Reached XP level 12. HP: 37/56 MP: 12/22
 18915 | Lair:1   | Killed Nergalle
 19799 | Lair:2   | Found a runed translucent gate.
 19800 | Lair:2   | Found a runed translucent gate.
 20096 | Lair:2   | Found a glowing silver altar of Zin.
 20169 | Lair:2   | Found a runed translucent gate.
 20169 | Lair:2   | Noticed Bojesaq's ghost (journeyman KoGl)
 20575 | Lair:3   | Noticed an eight-headed hydra
 20596 | Lair:3   | Killed an eight-headed hydra
 21100 | Lair:3   | Found a runed translucent gate.
 21100 | Lair:3   | Found a runed translucent gate.
 21100 | Lair:3   | Found a runed translucent gate.
 21101 | Lair:3   | Noticed night's ghost (journeyman DsWn)
 21102 | Lair:3   | Noticed a 12-headed hydra
 21103 | Lair:3   | Noticed a nine-headed hydra
 21168 | Lair:3   | Noticed a catoblepas
 21185 | Lair:3   | Killed a catoblepas
 21191 | Lair:3   | Reached skill level 5 in Invocations
 21559 | Lair:3   | Noticed a six-headed hydra
 21567 | Lair:3   | Killed a six-headed hydra
 21742 | Lair:3   | Found a hole to the Spider Nest.
 21973 | Lair:3   | Reached skill level 10 in Stealth
 22117 | Lair:3   | Reached ****** piety under Dithmenos
 22296 | Lair:3   | Killed a nine-headed hydra
 22296 | Lair:3   | Reached skill level 10 in Fighting
 22300 | Lair:3   | Killed a 12-headed hydra
 22300 | Lair:3   | Reached skill level 10 in Conjurations
 22319 | Lair:3   | Killed night's ghost
 22501 | Lair:4   | Reached XP level 13. HP: 61/61 MP: 13/25
 23866 | Lair:4   | Found a staircase to the Swamp.
 25075 | Lair:5   | Found a staircase to the Slime Pits.
 26232 | Lair:6   | Entered Level 6 of the Lair of Beasts
 26247 | Lair:6   | Reached skill level 10 in Invocations
 26444 | Lair:6   | Reached XP level 14. HP: 44/66 MP: 5/28
 26806 | Lair:6   | Found a large runed translucent door.
 26806 | Lair:6   | Found a large runed translucent door.
 26824 | Lair:6   | HP: 3/66 [seven-headed hydra (7)]
 27512 | Lair:5   | Reached skill level 11 in Dodging
 29122 | Lair:6   | Noticed LostGamesStreakFreak's ghost (journeyman MiMo)
 29498 | Lair:6   | Reached skill level 12 in Dodging
 31365 | Orc:1    | Entered Level 1 of the Orcish Mines
 31432 | Orc:1    | Noticed Snorg
 31470 | Orc:1    | Killed Snorg
 32086 | Orc:1    | Found Ceigot's Food Shoppe.
 32216 | Orc:2    | Entered Level 2 of the Orcish Mines
 32216 | Orc:2    | Found Cyiman's Antique Armour Shop.
 32233 | Orc:2    | Noticed Jorgrun
 32286 | Orc:2    | Slain by Jorgrun
 32287 | Orc:2    | Reached XP level 13. HP: -3/61 MP: 17/27
 32322 | Orc:2    | Killed Jorgrun
 32322 | Orc:2    | Reached XP level 14. HP: 50/66 MP: 19/28
 33031 | Orc:2    | Found a roughly hewn altar of Beogh.
 33039 | Orc:2    | Found Kuptad's Armour Emporium.
 33039 | Orc:2    | Found Sohi's Distillery.
 33270 | Orc:2    | Noticed Erolcha
 33274 | Orc:2    | Noticed Josephine
 33285 | Orc:2    | Killed Erolcha
 33381 | Orc:2    | Killed Josephine
 33415 | Orc:2    | Reached skill level 13 in Dodging
 33659 | Orc:2    | Found a staircase to the Elven Halls.
 33869 | Orc:2    | Found Ynilerinn's Weapon Emporium.
 33869 | Orc:2    | Found Keink's Book Shop.
 33883 | Orc:2    | Bought a book of Spatial Translocations for 975 gold pieces
 33886 | Orc:2    | Learned a level 2 spell: Blink
 33890 | Orc:2    | Learned a level 3 spell: Gell's Gravitas
 33895 | Orc:2    | Learned a level 4 spell: Passage of Golubria
 33927 | Orc:2    | Bought a potion of heal wounds for 70 gold pieces
 33927 | Orc:2    | Bought a potion of cancellation for 112 gold pieces
 33927 | Orc:2    | Bought 2 potions of curing for 84 gold pieces
 33927 | Orc:2    | Bought a potion of lignification for 42 gold pieces
 33927 | Orc:2    | Bought a potion of heal wounds for 70 gold pieces
 33927 | Orc:2    | Bought a potion of haste for 140 gold pieces
 33927 | Orc:2    | Upgraded the game from 0.25-a0-364-ge76b031baf to
                  | 0.25-a0-365-g7600c65aa0
 34806 | D:11     | Found the brooch of Shielding {Reflect SH+8}
 34812 | D:11     | Identified Riyxtub's Collected Works on Mutagenic
                  | Conjuration
 36170 | D:13     | Identified the +6 rapier of Nosk {pierce, *Slow +Blink rC+
                  | Str+8}
 36288 | D:13     | Reached skill level 14 in Dodging
 36402 | D:13     | Reached XP level 15. HP: 50/69 MP: 14/29
 36708 | D:13     | Found a shattered altar of Ashenzari.
 36874 | D:13     | Found a gate to the Vaults.
 37499 | D:14     | Found a frozen archway.
 37515 | IceCv    | Entered an ice cave
 38594 | IceCv    | Reached skill level 15 in Dodging
 38659 | IceCv    | Noticed a frost giant
 38786 | IceCv    | Slain by a frost giant
 38787 | IceCv    | Reached XP level 14. HP: -4/66 MP: 19/28
 39717 | D:14     | Found Xaqonk's Food Shop.
 39744 | D:14     | Found Inloil's Food Shop.
 39879 | D:14     | Found a portal to a secret trove of treasure.
 39972 | D:14     | Found an ornate altar of the Wu Jian Council.
 40427 | D:15     | Entered Level 15 of the Dungeon
 41146 | D:15     | Found a staircase to the Depths.
 41508 | D:15     | Identified the +6 chain mail "Wockosoi" {+Fly rN+ Str-3
                  | Stlth+}
 42656 | D:15     | Learned a level 7 spell: Orb of Destruction
 42819 | Spider:1 | Entered Level 1 of the Spider Nest
 43111 | Lair:3   | Upgraded the game from 0.25-a0-365-g7600c65aa0 to
                  | 0.25-a0-366-g516bc45ae0
 43282 | Swamp:1  | Entered Level 1 of the Swamp
 43344 | Swamp:1  | Reached XP level 15. HP: 59/69 MP: 10/29
 45465 | Swamp:1  | Paralysed by a hornet for 1 turns
 45888 | Swamp:2  | Noticed Aizul
 45908 | Swamp:2  | HP: 3/70 [Aizul/poison arrow (27)]
 45914 | Swamp:2  | Slain by Aizul

Levels and vault maps discovered:
D:1:      dpeg_arrival_signposts, layout_loops_ring, minmay_three_crescents
D:2:      layout_loops_ring, nicolae_overflow_crystal_walls,
          nicolae_dithmenos_shadow_blocks, chequers_ecumenical_altar_island
D:3:      layout_basic, first_ration, makhleb_blood_cavern_becter, uniq_natasha
D:4:      layout_loops_ring, kennysheep_little_box,
          nicolae_ru_sacrificial_ziggurat, lemuel_round_altar, minivault_14,
          nemelex_lonely_heart_becter
D:5:      cheibrodos_thug_alley, layout_loops_ring, xom_butterflies,
          nrook_campfire
D:6:      layout_loops_ring, nicolae_overflow_hidden_temple,
          fedhas_altar_decomposition, minmay_temple_entry_sparse_star,
          cheibrodos_sewer_entry_bend
D:7:      layout_rooms, elyvilon_altar_1, lightli_temple_of_fire, basic_altar,
          uniq_menkaure, uniq_pikel
D:8:      layout_loops_corners, grunt_pizzeria, uniq_joseph
D:9:      minmay_the_grid_3x3 [minmay_the_grid_expand, minmay_the_grid_doors,
          minmay_the_grid_all_tris, minmay_the_grid_tree,
          minmay_the_grid_garden, minmay_the_grid_paths,
          minmay_the_grid_embedded, minmay_the_grid_gridbox,
          minmay_the_grid_prize_four_corners], layout_gridville,
          yredelemnul_forgotten_temple_becter, slow_altar_1, dpeg_lair_monsters
D:10:     layout_roguey, zombieorc1_lemuel, serial_rivers,
          chequers_serial_rivers_large_a, chequers_serial_rivers_micro_a,
          chequers_serial_rivers_micro_b, chequers_serial_rivers_room_a
D:11:     lemuel_ice_statue, layout_stronghold
D:12:     layout_gridville, minmay_shattered_shrine
D:13:     layout_irregular_city, hangedman_vaults_entry_quadrant_bands,
          minivault_11, kennysheep_small_circle
D:14:     layout_long_grid, portal_ice_cave_entry_ice_beasts,
          lemuel_crystal_altar, serial_shops, shop, nicolae_shop_waterfront,
          nicolae_trove_entry_free_sample
D:15:     gammafunk_depths_entry_grave, layout_stronghold, corexii_corridor_pit,
          st_stairs_6
Lair:1:   layout_chaotic_city, lemuel_fruit_tree, lemuel_fruit_fields,
          uniq_gastronok, uniq_nergalle
Lair:2:   layout_regular_city, basic_altar, ebering_ghost_rock_garden,
          grunt_megastairs_1
Lair:3:   cheibrodos_lair_river_kwai, layout_chaotic_city,
          spider_nest_entry_webs, gammafunk_ghost_hydra_chop, minmay_holes,
          eino_house_with_fridge
Lair:4:   layout_hall_layers, nicolae_swamp_entry_splash_gauntlet
Lair:5:   layout_long_grid, minmay_slime_entry_oklob_open, grunt_megastairs_5
Lair:6:   grunt_lair_end_beastmaster, layout_gridlike,
          ebering_ghost_disaster_area, serial_bayou_pond_b,
          cheibrodos_lair_lostbears, grunt_megastairs_4,
          minmay_lair_oklob_chamber, serial_bayou_shore_a
Swamp:1:  layout_basic_swamp, evilmike_swamp_ruin_house_5
Swamp:2:  layout_basic_swamp, infiniplex_staircase_pool, water_boxes_lemuel,
          uniq_aizul
Spider:1: layout_spider_delve
Orc:1:    layout_caves, serial_shops, shop, nicolae_orc_flooded_monolith,
          guppyfry_library_mini, uniq_snorg
Orc:2:    st_orc_town, layout_caves, serial_shops, shop, uniq_erolcha,
          uniq_josephine, uniq_jorgrun

Skill      XL: |  1  2  3  4  5  6  7  8  9 10 11 12 13 14 15 |
---------------+----------------------------------------------+-----
Stealth        | 4 5 6 8 10 14 | 14.0
Conjurations   | 4 5 8 9 10 11 | 11.0
Fighting       | 2 6 7 8 10 | 10.6
Hexes          | 3 5 6 8 9 10 14 | 14.0
Spellcasting   | 3 4 5 6 7 9 |  9.0
Dodging        | 4 5 7 9 10 14 15 | 15.6
Translocations | 7 8 9 10 13 | 13.0
Evocations     | 2 3 4 |  4.2
Invocations    | 3 5 10 14 12 | 14.0

Action                   |  1- 3 |  4- 6 |  7- 9 | 10-12 | 13-15 || total
-------------------------+-------+-------+-------+-------+-------++-------
Melee: Unarmed           |    14 |       |    45 |    22 |    36 ||   117
       Bite              |     1 |       |     3 |     1 |     5 ||    10
 Cast: Magic Dart        |    92 |    58 |   136 |    92 |   517 ||   895
       Searing Ray       |       |    28 |    75 |   128 |   400 ||   631
       Fulminant Prism   |       |       |    20 |    58 |   195 ||   273
       Dazzling Flash    |       |       |     7 |    11 |     1 ||    19
       Iskenderun's Myst |       |       |       |     5 |   153 ||   158
       Blink             |       |       |       |       |     7 ||     7
       Gell's Gravitas   |       |       |       |       |     2 ||     2
Evoke: Wand              |       |       |     8 |     1 |    24 ||    33
       Sack of spiders   |       |       |       |       |     7 ||     7
       Lamp of fire      |       |       |       |       |     3 ||     3
       Crystal ball of e |       |       |       |       |     2 ||     2
  Use: Scroll            |       |     4 |    18 |    15 |    12 ||    49
       Potion            |       |       |     7 |     1 |     5 ||    13
 Stab: Sleeping          |     1 |       |     1 |       |     1 ||     3
       Paralysed         |       |       |     4 |       |     2 ||     6
       Invisible         |       |       |       |     1 |       ||     1
  Eat: Chunk             |    11 |     9 |    26 |    28 |    70 ||   144
Armor: Skin              |     5 |     2 |    24 |    18 |    69 ||   118
Dodge: Dodged            |    19 |    22 |   173 |   207 |   918 ||  1339
Block: Other             |       |       |     3 |    36 |    75 ||   114
       Reflection        |       |       |     1 |     1 |     2 ||     4

Table legend:
 A = Non-vault XP
 B = Vault XP
 C = Vault XP percentage of total XP
 D = Non-vault monster count
 E = Vault monster count
 F = Vault count percentage of total count
                 A         B        C        D         E       F
            +---------+---------+-------+---------+---------+-------
      Total |  121367 |   86518 |  41.6 |     622 |     364 |  36.9
            +---------+---------+-------+---------+---------+-------
        D:1 |      50 |       9 |  15.3 |      24 |       6 |  20.0
        D:2 |      66 |       0 |   0.0 |      17 |       0 |   0.0
        D:3 |      90 |      82 |  47.7 |      14 |       2 |  12.5
        D:4 |     196 |       0 |   0.0 |      13 |       0 |   0.0
        D:5 |     427 |     108 |  20.2 |      26 |      10 |  27.8
        D:6 |     412 |       5 |   1.2 |       8 |       1 |  11.1
        D:7 |     539 |     832 |  60.7 |      13 |       2 |  13.3
        D:8 |    3198 |    3150 |  49.6 |      56 |       6 |   9.7
        D:9 |    3070 |    5343 |  63.5 |      22 |      42 |  65.6
       D:10 |    2884 |     644 |  18.3 |      30 |      27 |  47.4
       D:11 |    2563 |     275 |   9.7 |      25 |       1 |   3.8
       D:12 |    5681 |    5608 |  49.7 |      32 |      15 |  31.9
       D:13 |    6187 |    6325 |  50.6 |      17 |      22 |  56.4
       D:14 |    7114 |     881 |  11.0 |      23 |       8 |  25.8
       D:15 |   14188 |    4476 |  24.0 |      45 |       9 |  16.7
     Lair:1 |    3004 |    2821 |  48.4 |      12 |       2 |  14.3
     Lair:2 |    2223 |     478 |  17.7 |      11 |       3 |  21.4
     Lair:3 |    7267 |    6285 |  46.4 |      23 |      23 |  50.0
     Lair:4 |    5055 |    1771 |  25.9 |      22 |       7 |  24.1
     Lair:5 |   14390 |    4559 |  24.1 |      37 |       7 |  15.9
     Lair:6 |   14230 |   17385 |  55.0 |      36 |      44 |  55.0
    Swamp:1 |   17049 |       0 |   0.0 |      50 |       0 |   0.0
    Swamp:2 |    6639 |       0 |   0.0 |      17 |       0 |   0.0
   Spider:1 |     629 |       0 |   0.0 |       3 |       0 |   0.0
      Orc:1 |    1379 |    2006 |  59.3 |      17 |      11 |  39.3
      Orc:2 |    2837 |   13443 |  82.6 |      29 |      64 |  68.8
      IceCv |       0 |   10032 | 100.0 |       0 |      52 | 100.0
            +---------+---------+-------+---------+---------+-------
